 Dungeon Crawl Stone Soup version 0.21-a0-504-g2eda330 (webtiles) character file.

504 slep the Poker (level 6, -6/48 HPs)
             Began as a Demonspawn Monk on Nov 26, 2017.
             Was a Believer of Okawaru.
             Mangled by Prince Ribbit (18 damage)
             ... on level 5 of the Dungeon.
             The game lasted 00:13:04 (3478 turns).

slep the Poker (Demonspawn Monk)                    Turns: 3478, Time: 00:13:05

Health: -6/48      AC:  8    Str: 12    XL:     6   Next: 96%
Magic:  6/6        EV: 13    Int: 12    God:    Okawaru [**....]
Gold:   214        SH:  0    Dex: 16    Spells: 5/5 levels left

rFire    + . .     SeeInvis .   a - +0 spear
rCold    . . .     Gourm    .   (no shield)
rNeg     . . .     Faith    .   f - +2 leather armour {rF+}
rPois    .         Spirit   .   (helmet restricted)
rElec    .         Reflect  .   (no cloak)
rCorr    .         Harm     .   (no gloves)
MR       .....                  j - +0 pair of boots
Stlth    ++........             (no amulet)
HPRegen  0.16/turn              (no ring)
MPRegen  0.10/turn              (no ring)

@: no status effects
A: horns 2, yellow scales 1, spiny 1
a: Heroism, Renounce Religion


You were on level 5 of the Dungeon.
You worshipped Okawaru.
Okawaru was pleased with you.
You were hungry.

You visited 2 branches of the dungeon, and saw 6 of its levels.

You collected 214 gold pieces.

Inventory:

Hand Weapons
 a - a +0 spear (weapon)
Missiles
 e - 8 tomahawks (quivered)
Armour
 b - a +0 robe
 f - a +2 leather armour of fire resistance (worn)
 j - a +0 pair of boots (worn)
Scrolls
 h - 4 scrolls of fog {unknown}
 i - 3 scrolls of fear {unknown}
 l - 4 scrolls of remove curse {unknown}
 o - 3 scrolls of identify {unknown}
 q - 2 scrolls of teleportation {unknown}
 r - a scroll of random uselessness {unknown}
 t - a scroll of immolation {unknown}
 w - a scroll of noise {unknown}
 x - a scroll of enchant weapon {unknown}
 y - a scroll of enchant armour {unknown}
Potions
 g - 2 potions of heal wounds {unknown}
 k - a potion of curing {unknown}
 m - a potion of agility {unknown}
 n - 2 potions of mutation {unknown}
 p - a potion of might {unknown}
 s - 2 potions of brilliance {unknown}
 u - 2 potions of ambrosia {unknown}
 v - a potion of experience {unknown}
Comestibles
 c - 4 bread rations
 d - 2 meat rations


   Skills:
 + Level 3.7 Fighting
 + Level 5.5 Polearms
 + Level 0.1 Throwing
 + Level 2.2 Armour
 + Level 3.7 Dodging
 + Level 2.5 Stealth


You had 5 spell levels left.
You didn't know any spells.

Dungeon Overview and Level Annotations

Branches:
Dungeon (5/15)             Temple (1/1) D:4

Altars:
Cheibriados
Dithmenos
Elyvilon
Fedhas
Gozag
Hepliaklqana
Kikubaaqudgha
Makhleb
Nemelex Xobeh
Okawaru
Qazlal
Ru
Sif Muna
Trog
Uskayaw
Vehumet
Xom
Zin
The Shining One

Annotations:
D:5 Prince Ribbit


Innate Abilities, Weirdness & Mutations

You have a pair of horns on your head.
You are partially covered in yellow scales. (AC +2)
You are partially covered in sharp spines.


Message History

You hear a bark! x3
You puncture the howler monkey!
You kill the howler monkey!
Okawaru accepts your kill. Prince Ribbit hits you!
You closely miss Prince Ribbit. Prince Ribbit is struck by your spines.
Prince Ribbit hits you.
You barely miss Prince Ribbit. Your headbutt misses Prince Ribbit.
Prince Ribbit is lightly wounded.
Prince Ribbit is struck by your spines. Prince Ribbit hits you!
* * * LOW HITPOINT WARNING * * *
You barely miss Prince Ribbit.
Prince Ribbit is lightly wounded.
Prince Ribbit sighs, "It's not easy being green!"
Prince Ribbit is struck by your spines. Prince Ribbit barely misses you.
Prince Ribbit hits you but does no damage.
You closely miss Prince Ribbit. Your headbutt misses Prince Ribbit.
Prince Ribbit is moderately wounded.
Prince Ribbit hits you!!
You die...

.#.# .#.#
##+##.#$####
#...........
#...........
#...........
#...F.......
#...@.......
#...........
...............
#.#............
# #............
#............
#............
#.###########


You could see Prince Ribbit.

Vanquished Creatures
  A hippogriff (D:4)
  A phantom (D:3)
  A howler monkey (D:5)
  4 worker ants (D:4)
  2 adders
  A shadow imp (D:4)
  4 leopard geckos
  10 orcs (D:3)
  3 giant cockroaches
  8 goblins
  8 hobgoblins
  4 jackals (D:1)
  6 kobolds
  2 quokkas (D:3)
  2 ball pythons
  13 bats
  7 frilled lizards
  A leopard gecko skeleton (D:4)
  7 rats
  A plant (D:1)
86 creatures vanquished.

Notes
Turn   | Place    | Note
-------+----------+-------------------------------------------
     0 | D:1      | slep the Demonspawn Monk began the quest for the Orb.
     0 | D:1      | Reached XP level 1. HP: 18/18 MP: 1/1
     2 | D:1      | Noticed an octopode
     2 | D:1      | Noticed a dwarf
     4 | D:1      | Noticed a halfling
     4 | D:1      | Noticed a demonspawn
     6 | D:1      | Noticed a demigod
     6 | D:1      | Noticed a vampire
     8 | D:1      | Noticed an elf
     8 | D:1      | Noticed a merfolk
    10 | D:1      | Noticed a naga
    12 | D:1      | Noticed a vine stalker
    12 | D:1      | Noticed an ogre
    14 | D:1      | Noticed a draconian
    16 | D:1      | Noticed a human
    16 | D:1      | Noticed a formicid
    19 | D:1      | Noticed a centaur
    19 | D:1      | Noticed a minotaur
    21 | D:1      | Noticed a tengu
    23 | D:1      | Noticed a spriggan
    23 | D:1      | Noticed a gargoyle
    25 | D:1      | Noticed a ghoul
    27 | D:1      | Noticed a troll
    27 | D:1      | Noticed a felid
   179 | D:1      | Gained mutation: You have a pair of small horns on your head. [demonic ancestry]
   179 | D:1      | Reached XP level 2. HP: 11/24 MP: 2/2
   440 | D:1      | Reached skill level 3 in Polearms
   533 | D:1      | Gained mutation: You are partially covered in yellow scales. (AC +2) [demonic ancestry]
   533 | D:1      | Reached XP level 3. HP: 29/29 MP: 3/3
  1426 | D:2      | Found a radiant altar of Vehumet.
  1428 | D:2      | Found a hide-covered altar of Uskayaw.
  1429 | D:2      | Found a snail-covered altar of Cheibriados.
  1721 | D:3      | Found a faded altar of an unknown god.
  1763 | D:3      | Reached XP level 4. HP: 25/35 MP: 4/4
  2242 | D:3      | Noticed a phantom
  2267 | D:3      | Killed a phantom
  2267 | D:3      | Reached skill level 4 in Polearms
  2267 | D:3      | Reached skill level 1 in Armour
  2267 | D:3      | Gained mutation: You have a pair of horns on your head. [demonic ancestry]
  2267 | D:3      | Reached XP level 5. HP: 5/41 MP: 5/5
  2561 | D:4      | Gained mutation: You are partially covered in sharp spines. [demonic ancestry]
  2561 | D:4      | Reached XP level 6. HP: 9/47 MP: 6/6
  2583 | D:4      | HP: 2/47 [poisoned by a worker ant]
  2804 | D:4      | Noticed a hippogriff
  2950 | D:5      | Entered Level 5 of the Dungeon
  3043 | D:4      | Killed a hippogriff
  3043 | D:4      | Reached skill level 5 in Polearms
  3172 | D:4      | Found a blossoming altar of Fedhas.
  3296 | D:4      | Found a staircase to the Ecumenical Temple.
  3305 | Temple   | Entered the Ecumenical Temple
  3407 | Temple   | Became a worshipper of Warmaster Okawaru
  3407 | Temple   | Reached * piety under Okawaru
  3407 | Temple   | Reached ** piety under Okawaru
  3459 | D:5      | Noticed Prince Ribbit
  3478 | D:5      | Mangled by Prince Ribbit

Vault maps used:
D:1:      kb_arrival_jail, serial_forest, infiniplex_forest_lined_room_2,
          infiniplex_forest_end_1, infiniplex_forest_lined_ring,
          infiniplex_forest_side_room, kennysheep_flooded_box
D:2:      minitemple, first_bread
D:3:      chequers_ecumenical_altar_simple
D:4:      lemuel_round_altar, minmay_temple_entry_poolview, due_unseen_surprise
D:5:      uniq_prince_ribbit1
Temple:   eino_temple_scatter_basement

Skill      XL: |  1  2  3  4  5  6 |
---------------+-------------------+-----
Dodging        | 3 |  3.7
Polearms       | 3 4 5 |  5.5
Stealth        | 2 |  2.5
Armour         | 1 2 |  2.2
Fighting       | |  3.7
Throwing       | |  0.1

Action                   |  1- 3 |  4- 6 || total
-------------------------+-------+-------++-------
Melee: Spear             |   218 |   177 ||   395
       Headbutt          |    43 |    24 ||    67
Throw: Tomahawk          |     5 |     1 ||     6
 Stab: Sleeping          |     6 |     4 ||    10
  Eat: Chunk             |     3 |     5 ||     8
Armor: Robe              |     2 |       ||     2
       Leather armour    |    41 |    46 ||    87
Dodge: Dodged            |    99 |    85 ||   184

Table legend:
 A = Spawn XP
 B = Non-spawn XP
 C = Spawn XP percentage of total XP
 D = Spawn monster count
 E = Non-spawn monster count
 F = Spawn count percentage of total count
 G = Total turns spent on level
                    A         B        C        D         E        F      G
               +---------+---------+-------+---------+---------+-------+---------
         Total |       0 |     721 |   0.0 |       0 |      85 |   0.0 |  3478
               +---------+---------+-------+---------+---------+-------+---------
           D:1 |       0 |      45 |   0.0 |       0 |      28 |   0.0 |   793
           D:2 |       0 |      40 |   0.0 |       0 |      18 |   0.0 |   894
           D:3 |       0 |     179 |   0.0 |       0 |      27 |   0.0 |   749
           D:4 |       0 |     406 |   0.0 |       0 |      11 |   0.0 |   886
           D:5 |       0 |      51 |   0.0 |       0 |       1 |   0.0 |    40
               +---------+---------+-------+---------+---------+-------+---------
